 Dungeon Crawl Stone Soup version 0.28-a0-1616-g050a50673c (webtiles) character file.

Game seed: 15425938787749900326

2193 Ordine the Magician (level 9, 47/51 HPs)
             Began as a Deep Elf Hedge Wizard on Aug 29, 2019.
             Was a Follower of Vehumet.
             Quit the game on level 7 of the Dungeon on Jan 22, 2022.
             The game lasted 00:26:41 (6783 turns).

Ordine the Magician (Deep Elf Hedge Wizard)         Turns: 6783, Time: 00:26:42

Health: 47/51      AC:  7    Str:  4    XL:     9   Next: 12%
Magic:  4/20       EV: 14    Int: 27    God:    Vehumet [*.....]
Gold:   358        SH:  0    Dex: 13    Spells: 11/20 levels left

rFire   . . .      SeeInvis .   a - +1 dagger (venom)
rCold   . . .      Faith    .   (no shield)
rNeg    . . .      Spirit   .   p - +0 robe
rPois   .          Reflect  .   k - +0 helmet
rElec   .          Harm     .   (no cloak)
rCorr   .          Rampage  .   x - +0 pair of gloves
Will    .....                   t - +0 pair of boots
Stlth   ++........              (no amulet)
HPRegen 0.17/turn               c - ring of flight
MPRegen 0.17/turn               (no ring)

@: no status effects
A: yellow scales 1
a: Renounce Religion


You were on level 7 of the Dungeon.
You worshipped Vehumet.
Vehumet was aware of your devotion.
You visited 2 branches of the dungeon, and saw 8 of its levels.

You collected 358 gold pieces.

Inventory:

Hand Weapons
 a - a +1 dagger of venom (weapon)
 f - the +8 hand axe "Ovvuvoho" {drain, *Noise Fly rPois MP+9, unknown}
   (You found it on level 6 of the Dungeon)

   A truly terrible weapon, it drains the life of any living foe it strikes.
   rPois:     It protects you from poison.
   MP:        It affects your magic capacity (+9).
   Fly:       It grants you flight.
   *Noise:    It may make noises in combat.
Armour
 k - a +0 helmet (worn)
 p - a +0 robe (worn)
 t - a +0 pair of boots (worn)
 x - a +0 pair of gloves (worn)
Jewellery
 c - a ring of flight (left hand)
Wands
 m - a wand of flame (7) (quivered)
Scrolls
 b - 2 scrolls of amnesia
 h - 3 scrolls of teleportation {unknown}
 i - 2 scrolls of removedness
 j - 4 scrolls of blinking
 n - a scroll of magic mapping
 r - a scroll of noise {unknown}
 v - a scroll of removedness
 w - a scroll of fog {unknown}
Potions
 e - 6 potions of heal wounds
 g - a potion of flight
 l - 3 potions of might
 o - a potion of lignification
 q - a potion of curing
 s - a potion of brilliance
 u - a potion of cancellation
Comestibles
 d - 9 removed foods


   Skills:
 + Level 3.4 Fighting
 * Level 5.7 Short Blades
 + Level 6.0 Dodging
 - Level 3.0 Stealth
 - Level 6.0 Spellcasting
 - Level 4.0 Conjurations
 - Level 1.1 Summonings
 - Level 2.0 Translocations
 - Level 3.0 Fire Magic
 - Level 3.0 Air Magic
 + Level 4.7 Evocations


You had 11 spell levels left.
You knew the following spells:

 Your Spells              Type           Power      Damage    Failure   Level
a - Magic Dart            Conj           100%       1d8       1%          1
b - Blink                 Tloc           38%        N/A       4%          2
c - Conjure Flame         Conj/Fire      27%        6-21      4%          3
d - Mephitic Cloud        Conj/Pois/Air  20%        N/A       8%          3

Your spell library contained the following spells:

 Spells                   Type           Power      Damage    Failure   Level
 Flame Tongue             Conj/Fire      67%        1d14      1%          1
 Slow                     Hex            32%        N/A       6%          1
 Call Imp                 Summ           14%        N/A       6%          2


Dungeon Overview and Level Annotations

Branches:
Dungeon (7/15)             Temple (1/1) D:5

Altars:
Ashenzari
Cheibriados
Dithmenos
Elyvilon
Fedhas
Gozag
Hepliaklqana
Kikubaaqudgha
Makhleb
Nemelex Xobeh
Okawaru
Qazlal
Ru
Trog
Uskayaw
Vehumet
Xom
Yredelemnul
Zin
The Shining One

Shops:
D:5 (

Annotations:
D:4 1 runed translucent door, Zero's ghost, novice TeSu


Innate Abilities, Weirdness & Mutations

You are partially covered in yellow scales. (AC +2)


Message History

Casting: Mephitic Cloud (safe; 8% risk of failure)
Confirm with . or Enter, or press ? or * to list all spells.
Aiming: Magic Dart (safe; 1% risk of failure)
Press: ? - help, Shift-Dir - straight line, f/p - scorpion
Aim: a scorpion (noxious fumes, lightly wounded, confused)
The magic dart hits the scorpion.
The scorpion is lightly wounded.
The scorpion is engulfed in noxious fumes.
The scorpion appears confused.
Casting: Magic Dart (safe; 1% risk of failure)
Confirm with . or Enter, or press ? or * to list all spells.
Aiming: Magic Dart (safe; 1% risk of failure)
Press: ? - help, Shift-Dir - straight line, f/p - scorpion
Aim: a scorpion (moderately wounded, confused)
The magic dart hits the scorpion but does no damage.
The scorpion is moderately wounded.
Casting: Magic Dart (safe; 1% risk of failure)
Confirm with . or Enter, or press ? or * to list all spells.
Aiming: Magic Dart (safe; 1% risk of failure)
Press: ? - help, Shift-Dir - straight line, f/p - scorpion
Aim: a scorpion (noxious fumes, moderately wounded, confused)
The magic dart hits the scorpion.
The scorpion is heavily wounded.
The scorpion is engulfed in noxious fumes.
Casting: Magic Dart (safe; 1% risk of failure)
Confirm with . or Enter, or press ? or * to list all spells.
Aiming: Magic Dart (safe; 1% risk of failure)
Press: ? - help, Shift-Dir - straight line, f/p - scorpion
Aim: a scorpion (severely wounded, confused)
The magic dart hits the scorpion.
You kill the scorpion!
Vehumet accepts your kill.
Casting: Magic Dart (safe; 1% risk of failure)
Confirm with . or Enter, or press ? or * to list all spells.
You can't see any susceptible monsters within range! (Use Z to cast anyway.) Unknown command.
Welcome back, Ordine the Deep Elf Hedge Wizard.
Vehumet says: Let it end in hellfire!
Press ? for a list of commands and other information.
Are you sure you want to abandon this character and quit the game? (Confirm with "yes".)

......#
.......## .
........## ..
.........###...
#..............
.........°....#
............#
.......@....#
#.....?.[....#
##.<.#...[...#
#.. ####..)...
#.. ##.... ..
...# . .## #


There were no monsters in sight!

Vanquished Creatures
  A hornet (D:6)
  2 ice beasts
  A sky beast (D:6)
  A necrophage (D:6)
  4 ogres
  A phantom (D:4)
  A centaur (D:5)
  Blork the orc (D:6)
  2 bullfrogs (D:5)
  2 scorpions
  3 howler monkeys
  3 crimson imps
  3 hounds
  2 orc wizards (D:6)
  A bullfrog skeleton (D:2)
  A centaur skeleton (D:4)
  Terence (D:3)
  2 iguanas
  4 removed worker ants
  2 hound zombies
  8 adders
  2 endoplasms
  An adder skeleton (D:7)
  2 worms (D:3)
  2 dart slugs (D:1)
  19 orcs
  A removed leopard gecko (D:2)
  6 giant cockroaches
  14 goblins
  9 hobgoblins
  2 jackals (D:2)
  10 kobolds
  5 quokkas
  3 ball pythons
  12 bats
  5 frilled lizards
  9 rats
148 creatures vanquished.

Notes
Turn   | Place    | Note
-------+----------+-------------------------------------------
     0 | D:1      | Ordine the Deep Elf Wizard began the quest for the Orb.
     0 | D:1      | Reached XP level 1. HP: 10/10 MP: 7/7
   121 | D:1      | Reached XP level 2. HP: 15/15 MP: 2/9
   195 | D:1      | Learned a level 2 spell: Blink
   645 | D:1      | Reached XP level 3. HP: 19/19 MP: 2/11
   653 | D:1      | Learned a level 3 spell: Conjure Flame
   657 | D:1      | Learned a level 3 spell: Mephitic Cloud
  1106 | D:1      | Gained mutation: You have hidden genetic potential. [potion
                  | of mutation]
  1106 | D:1      | Gained mutation: You are partially covered in yellow
                  | scales. (AC +2) [potion of mutation]
  1152 | D:2      | Reached skill level 5 in Spellcasting
  1156 | D:2      | Found a faded altar of an unknown god.
  1241 | D:2      | Reached XP level 4. HP: 24/24 MP: 2/13
  1461 | D:2      | Reached skill level 1 in Fire Magic
  1461 | D:2      | Reached skill level 1 in Air Magic
  1612 | D:2      | Reached XP level 5. HP: 28/28 MP: 4/14
  1904 | D:2      | Lost mutation: You have hidden genetic potential.
                  | [evolution]
  1994 | D:3      | Noticed an ogre
  2247 | D:3      | Killed an ogre
  2261 | D:3      | Reached XP level 6. HP: 32/32 MP: 0/16
  2717 | D:3      | Noticed Terence
  2727 | D:3      | Killed Terence
  2785 | D:4      | Found a white marble altar of Elyvilon.
  2832 | D:4      | Reached skill level 1 in Evocations
  2905 | D:4      | Reached skill level 1 in Short Blades
  3121 | D:4      | Reached XP level 7. HP: 28/37 MP: 5/18
  3139 | D:4      | Reached skill level 1 in Fighting
  3435 | D:4      | Found a runed translucent door.
  3437 | D:4      | Noticed Zero's ghost (novice TeSu)
  3440 | D:4      | Noticed a yak
  3962 | D:5      | Entered Level 5 of the Dungeon
  4074 | D:5      | Found Nuaddait's Antique Weapon Shop.
  4392 | D:5      | Reached XP level 8. HP: 13/44 MP: 10/19
  4860 | D:5      | Found a staircase to the Ecumenical Temple.
  4941 | Temple   | Entered the Ecumenical Temple
  5017 | Temple   | Became a worshipper of Vehumet
  5409 | D:6      | Noticed Blork the orc
  5412 | D:6      | Got an iridescent hand axe
  5422 | D:6      | Killed Blork the orc
  5422 | D:6      | Reached skill level 5 in Dodging
  5952 | D:6      | Reached skill level 5 in Short Blades
  5996 | D:6      | Reached * piety under Vehumet
  5996 | D:6      | Offered knowledge of Flame Tongue by Vehumet.
  6681 | D:7      | Noticed a hornet
  6693 | D:6      | Killed a hornet
  6693 | D:6      | Reached XP level 9. HP: 39/51 MP: 5/20
  6783 | D:7      | Upgraded the game from 0.24-a0-584-g9d6b971ae4 to
                  | 0.28-a0-1616-g050a50673c
  6783 | D:7      | Quit the game

Illustrated notes

Levels and vault maps discovered:
D:1:      mrwooster_arrival_statue_3, layout_basic, minmay_misc_feat_nine_boxes,
          minivault_25
D:2:      layout_loops_ring, chequers_ecumenical_altar_simple_redux,
          minmay_hexomino_f4
D:3:      layout_rooms, uniq_terence
D:4:      layout_cave_pods, ebering_ghost_inner_flame, minmay_splitting_lines,
          solitary_fountain, minmay_misc_feat_columns, elyvilon_altar_3
D:5:      layout_basic, minmay_temple_entry_nine_rooms, serial_shops, shop,
          first_ration, minmay_misc_feat_rows, minmay_crystal_water
D:6:      layout_basic, uniq_blork_the_orc
D:7:      layout_layer_cave, marbit_many_paths
Temple:   regret_index_temple_chain_breaker

Skill      XL: |  1  2  3  4  5  6  7  8 |
---------------+-------------------------+-----
Stealth        | 3 |  3.0
Dodging        | 3 4 6 |  6.0
Conjurations   | 2 3 4 |  4.0
Spellcasting   | 5 6 |  6.0
Fire Magic     | 1 2 3 |  3.0
Air Magic      | 1 2 3 |  3.0
Translocations | 2 |  2.0
Evocations     | 1 2 4 |  4.7
Short Blades   | 1 3 5 |  5.7
Fighting       | 2 3 |  3.4
Summonings     | |  1.1

Action                   |  1- 3 |  4- 6 |  7- 9 || total
-------------------------+-------+-------+-------++-------
Melee: Dagger            |    10 |    11 |    25 ||    46
 Cast: Magic Dart        |    83 |   113 |   226 ||   422
       Conjure Flame     |     2 |     7 |    11 ||    20
       Blink             |     2 |     7 |     7 ||    16
       Mephitic Cloud    |     1 |     5 |    15 ||    21
  Use: Potion            |     4 |       |       ||     4
       Scroll            |       |     6 |     3 ||     9
 Stab: Confused          |       |     1 |     1 ||     2
  Eat: Removed food      |     1 |     5 |    11 ||    17
Armor: Robe              |     3 |     9 |    11 ||    23
Dodge: Dodged            |    14 |    24 |    37 ||    75

Table legend: (Time is in decaauts)
 A = Elapsed time spent in this place.
 B = Non-inter-level travel time spent in this place.
 C = Inter-level travel time spent in this place.
 D = Time resting spent in this place.
 E = Time spent auto-exploring this place.
 F = Levels seen in this place.
 G = Mean time per level.
                   A        B        C        D        E       F      G
               +--------+--------+--------+--------+--------+-----+--------+
         Total |   6776 |   6615 |    161 |   2335 |   3101 |   8 |  847.0 |
       Dungeon |   6631 |   6485 |    146 |   2335 |   2982 |   7 |  947.3 |
        Temple |    145 |    130 |     15 |      0 |    119 |   1 |  145.0 |
               +--------+--------+--------+--------+--------+-----+--------+
